 Dungeon Crawl Stone Soup version 0.22-a0-362-g535178c (webtiles) character file.

3812 Amnesiac the Magician (level 9, -10/65 HPs)
             Began as a Mummy Necromancer on Apr 20, 2018.
             Was a Follower of Sif Muna.
             Mangled by a two-headed ogre
             ... wielding a +0 giant club
              (11 damage)
             ... on level 9 of the Dungeon.
             The game lasted 00:19:49 (11612 turns).

Amnesiac the Magician (Mummy Necromancer)          Turns: 11612, Time: 00:19:51

Health: -10/65     AC: 16    Str: 11    XL:     9   Next: 97%
Magic:  4/19       EV: 10    Int: 19    God:    Sif Muna [*.....]
Gold:   443        SH:  5    Dex: 13    Spells: 11/22 levels left

rFire    x . .     SeeInvis .   a - +1 dagger (elec)
rCold    + . .     Gourm    .   g - +0 buckler
rNeg     + + +     Faith    .   o - +0 pearl dragon scales
rPois    ∞         Spirit   .   k - +0 helmet
rElec    .         Reflect  .   m - +0 cloak
rCorr    .         Harm     .   p - +0 pair of gloves
MR       +....                  (no boots)
Stlth    ..........             (no amulet)
HPRegen  0.20/turn              q - +2 ring of intelligence
MPRegen  0.16/turn              (no ring)

@: very slightly contaminated, divine energy
A: no food or potions, fire vulnerability, cold resistance 1, negative energy
resistance 3, torment resistance, unbreathing
a: Stop Divine Energy, Renounce Religion


You were on level 9 of the Dungeon.
You worshipped Sif Muna.
Sif Muna was aware of your devotion.
You were not hungry.

You visited 2 branches of the dungeon, and saw 10 of its levels.
You also visited: Ossuary.

You collected 443 gold pieces.

Inventory:

Hand Weapons
 a - a +1 dagger of electrocution (weapon)
 b - a +2 mace of protection
Missiles
 f - 19 sling bullets
 j - 225 stones (quivered)
Armour
 g - a +0 buckler (worn)
 k - a +0 helmet (worn)
 m - a +0 cloak (worn)
 o - +0 pearl dragon scales (worn)
 p - a +0 pair of gloves (worn)
 w - a +2 robe of positive energy
Jewellery
 l - an uncursed ring of teleportation
 q - a +2 ring of intelligence (left hand)
 u - an uncursed ring of ice
Wands
 i - a wand of acid (12)
 s - a wand of iceblast (7)
 v - a wand of random effects (28)
Scrolls
 c - 2 scrolls of immolation {!r, unknown}
 d - 3 scrolls of fear {!r, unknown}
 e - 10 scrolls of remove curse {!r}
 h - 2 scrolls of enchant weapon {!r}
 n - 2 scrolls of magic mapping {!r}
 r - 2 scrolls of blinking {!r}
 t - 3 scrolls of teleportation {!r}
 x - a scroll of enchant armour {!r}
 z - 2 scrolls of torment {!r}
 A - a scroll of noise {!r}
 B - a scroll of acquirement {!r}


   Skills:
 - Level 4.2 Fighting
 - Level 5.8 Armour
 - Level 5.9 Dodging
 - Level 1.5 Stealth
 - Level 4.1 Shields
 + Level 7.1 Spellcasting
 * Level 6.7 Necromancy


You had 11 spell levels left.
You knew the following spells:

 Your Spells              Type           Power        Failure   Level  Hunger
a - Pain                  Necr           ####         4%          1    N/A
d - Vampiric Draining     Necr           ####......   13%         3    N/A
e - Dispel Undead         Necr           ####....     77%         5    N/A
v - Blink                 Tloc           N/A          71%         2    N/A

Dungeon Overview and Level Annotations

Branches:
Dungeon (9/15)             Temple (1/1) D:7
   Lair: D:8-11         Orc: D:9-12

Altars:
Dithmenos
Elyvilon
Fedhas
Gozag
Hepliaklqana
Kikubaaqudgha
Nemelex Xobeh
Okawaru
Qazlal
Ru
Sif Muna
Uskayaw
Vehumet
Wu Jian
Xom
Yredelemnul
The Shining One

Annotations:
D:3 Zgarb's ghost, amateur SpEn


Innate Abilities, Weirdness & Mutations

You do not eat or drink.
Your flesh is vulnerable to fire.
You are immune to poison.
Your flesh is cold resistant. (rC+)
You are immune to negative energy. (rN+++)
You are immune to unholy pain and torment.
You can survive without breathing.


Message History

You swing at nothing.
Something hits you but does no damage. You block the adder's attack.
Something completely misses you.
You open the door. Something hits you! Something hits you.
There is an open door here.
The two-headed ogre closely misses you.
The two-headed ogre hits you with a giant club!
* * * LOW HITPOINT WARNING * * *
Found a wand of random effects (33).
You open the door.
Found three items.
Casting: Dispel Undead (very dangerous; 77% risk of failure)
Confirm with . or Enter, or press ? or * to list all spells.
Okay, then.
Casting: Dispel Undead (very dangerous; 77% risk of failure)
Confirm with . or Enter, or press ? or * to list all spells.
Okay, then.
Casting: Dispel Undead (very dangerous; 77% risk of failure)
Confirm with . or Enter, or press ? or * to list all spells.
Aiming: Vampiric Draining (safe; 13% risk of failure)
Press: ? - help, Shift-Dir - straight line, f - two-headed ogre
Aim: a two-headed ogre, wielding two giant clubs The two-headed ogre is lightly wounded.
You feel life coursing into your body. The two-headed ogre closely misses you.
The two-headed ogre hits you but does no damage.
Casting: Vampiric Draining (safe; 13% risk of failure)
Confirm with . or Enter, or press ? or * to list all spells.
Aiming: Vampiric Draining (safe; 13% risk of failure)
Press: ? - help, Shift-Dir - straight line, f/p - two-headed ogre
Aim: a two-headed ogre, wielding two giant clubs (lightly wounded)
The two-headed ogre is heavily wounded.
You feel life coursing into your body.
The two-headed ogre hits you with a giant club!!
* * * LOW HITPOINT WARNING * * *
The two-headed ogre barely misses you.
Casting: Vampiric Draining (safe; 13% risk of failure)
Confirm with . or Enter, or press ? or * to list all spells.
Aiming: Vampiric Draining (safe; 13% risk of failure)
Press: ? - help, Shift-Dir - straight line, f/p - two-headed ogre
Aim: a two-headed ogre, wielding two giant clubs (heavily wounded)
You miscast Vampiric Draining.
You are very lightly contaminated with residual magic.
You hear strange and distant voices.
The two-headed ogre hits you with a giant club.
* * * LOW HITPOINT WARNING * * *
You block the two-headed ogre's attack.
Casting: Vampiric Draining (safe; 13% risk of failure)
Confirm with . or Enter, or press ? or * to list all spells.
Aiming: Vampiric Draining (safe; 13% risk of failure)
Press: ? - help, Shift-Dir - straight line, f/p - two-headed ogre
Aim: a two-headed ogre, wielding two giant clubs (heavily wounded)
The two-headed ogre is heavily wounded.
You feel life coursing into your body.
Casting: Vampiric Draining (safe; 13% risk of failure)
Confirm with . or Enter, or press ? or * to list all spells.
Aiming: Vampiric Draining (safe; 13% risk of failure)
Press: ? - help, Shift-Dir - straight line, f/p - two-headed ogre
Aim: a two-headed ogre, wielding two giant clubs (heavily wounded)
You miscast Vampiric Draining.
Your bones ache.
The two-headed ogre hits you with a giant club!!
* * * LOW HITPOINT WARNING * * *
The two-headed ogre hits you with a giant club!
You die...

...# ..# /...##.#.
...#... ## .⌠#..# ## #..
###...# ?.? #...#.....#
.... #...#.....### .!...
..###........#####......
..........##TS{O@'......
######.##########......
#...# ..... ######O#####
##.. #......ST...# #
#.#####>###<##### #..
#.'..O# ### #####...T..
#....


You could see a two-headed ogre, a troll and an adder.

Vanquished Creatures
  Pikel (D:7)
  Maurice (D:8)
  A hippogriff (D:8)
  Sigmund (D:2)
  A wraith (Ossuary)
  A human zombie (D:8)
  A water moccasin (D:4)
  2 slaves (D:8)
  A two-headed ogre skeleton (D:8)
  An orc warrior (D:7)
  4 sky beasts
  An ogre (D:4)
  A centaur (D:6)
  Blork the orc (D:4)
  2 bullfrogs
  A hippogriff zombie (D:8)
  A hippogriff skeleton (Ossuary)
  A water moccasin zombie (D:5)
  2 killer bees (D:8)
  3 howler monkeys (D:7)
  2 crimson imps
  4 hounds
  11 orc wizards
  A centaur zombie (D:5)
  2 jellies
  4 orc priests
  5 centaur skeletons
  An iguana (D:4)
  Jessica (D:2)
  Terence (D:2)
  6 worker ants
  A mummy (Ossuary)
  Robin (D:2)
  4 gnolls
  13 adders
  2 oozes
  4 adder skeletons
  4 worms
  2 dart slugs (D:1)
  4 leopard geckos
  28 orcs
  A ball python (D:5)
  4 giant cockroaches
  10 hobgoblins
  3 jackals (D:8)
  9 kobolds
  2 quokkas
  9 bats
  2 frilled lizards
  A frilled lizard skeleton (D:8)
  8 gnoll skeletons (Ossuary)
  20 goblins
  A jackal skeleton (Ossuary)
  5 kobold skeletons (Ossuary)
  A leopard gecko skeleton (D:5)
  A leopard gecko zombie (D:8)
  14 orc skeletons
  An orc zombie (D:8)
  7 rats
  2 rat zombies (D:8)
230 creatures vanquished.

Vanquished Creatures (others)
  A slave (D:8)
  A human (D:3)
  A phantom (D:8)
  An orc priest (D:8)
  A worker ant (D:8)
  An orc (D:8)
  2 jackals (D:8)
8 creatures vanquished.

Grand Total: 238 creatures vanquished

Notes
Turn   | Place    | Note
-------+----------+-------------------------------------------
     0 | D:1      | Amnesiac the Mummy Necromancer began the quest for the Orb.
     0 | D:1      | Reached XP level 1. HP: 13/13 MP: 4/4
   107 | D:1      | Reached skill level 3 in Spellcasting
   291 | D:3      | Reached XP level 2. HP: 19/19 MP: 0/6
   448 | D:3      | Found an ancient bone altar of Kikubaaqudgha.
   473 | D:3      | Noticed a human
   474 | D:3      | Killed a human
   478 | D:3      | Became a worshipper of Kikubaaqudgha
   664 | D:1      | Reached XP level 3. HP: 18/24 MP: 0/7
   669 | D:1      | Learned a level 3 spell: Vampiric Draining
   881 | D:1      | Reached skill level 5 in Necromancy
  1274 | D:1      | Reached skill level 1 in Armour
  1506 | D:2      | Noticed Robin
  1720 | D:2      | Reached XP level 4. HP: 7/30 MP: 1/8
  1913 | D:2      | Reached * piety under Kikubaaqudgha
  1913 | D:2      | Identified Kikubaaqudgha's Reference Book on Evil (Kikubaaqudgha gifted it to you on level 2 of the Dungeon)
  1913 | D:2      | Received a gift from Kikubaaqudgha
  1964 | D:2      | Killed Robin
  1966 | D:2      | Reached skill level 1 in Shields
  2106 | D:2      | Noticed Jessica
  2110 | D:2      | Killed Jessica
  2146 | D:2      | Reached XP level 5. HP: 30/35 MP: 0/9
  2268 | D:2      | Noticed Terence
  2296 | D:2      | Killed Terence
  2771 | D:2      | Noticed Sigmund
  3218 | D:3      | Noticed Zgarb's ghost (amateur SpEn)
  3576 | D:2      | Reached ** piety under Kikubaaqudgha
  3840 | D:2      | Killed Sigmund
  3840 | D:2      | Reached XP level 6. HP: 15/41 MP: 10/10
  4288 | D:4      | Learned a level 2 spell: Blink
  4516 | D:4      | Reached XP level 7. HP: 29/46 MP: 6/11
  5048 | D:4      | Reached skill level 1 in Fighting
  5073 | D:4      | Found a blossoming altar of Fedhas.
  5301 | D:4      | Noticed Blork the orc
  5332 | D:4      | Killed Blork the orc
  5506 | D:5      | Entered Level 5 of the Dungeon
  5868 | D:5      | Reached XP level 8. HP: 53/56 MP: 12/12
  6108 | D:5      | Found a radiant altar of Vehumet.
  6504 | D:5      | You fall through a shaft!
  6549 | D:5      | Reached *** piety under Kikubaaqudgha
  6549 | D:5      | Identified Kikubaaqudgha's Collected Works on Evil (Kikubaaqudgha gifted it to you on level 5 of the Dungeon)
  6549 | D:5      | Received a gift from Kikubaaqudgha
  7763 | D:6      | Reached skill level 5 in Armour
  7763 | D:6      | Reached skill level 5 in Dodging
  7994 | D:6      | Reached XP level 9. HP: 52/65 MP: 1/13
  8594 | D:7      | Learned a level 5 spell: Dispel Undead
  8641 | D:7      | Found a staircase to the Ecumenical Temple.
  8647 | Temple   | Entered the Ecumenical Temple
  8763 | D:7      | Fell from the grace of Kikubaaqudgha
  8830 | Temple   | Became a worshipper of Sif Muna the Loreminder
  9295 | D:8      | Noticed Pikel
  9302 | D:8      | Noticed Maurice
  9334 | D:7      | Killed Pikel
  9334 | D:7      | Reached skill level 5 in Spellcasting
  9440 | D:8      | Reached skill level 6 in Spellcasting
  9547 | D:8      | Noticed a reaper
  9548 | D:8      | HP: 2/65 [reaper/scythe of protection[the malice of Kikubaaqudgha] (18)]
  9808 | D:8      | Found a sand-covered staircase.
  9831 | Ossuary  | Entered an ossuary
  9969 | Ossuary  | Reached * piety under Sif Muna
 10919 | D:8      | Killed Maurice
 10919 | D:8      | Reached skill level 7 in Spellcasting
 11150 | D:8      | Identified a scroll of acquirement {!r}
 11578 | D:8      | Noticed a reaper
 11582 | D:9      | Noticed a two-headed ogre
 11584 | D:9      | Noticed a troll
 11612 | D:9      | HP: 1/65 [two-headed ogre/giant club (27)]
 11612 | D:9      | Mangled by a two-headed ogre

Vault maps used:
D:1:      dpeg_arrival_tiny_b, hangedman_decor_lopped, interstate_on_off
D:2:      uniq_sigmund, uniq_jessica, uniq_terence, uniq_robin
D:3:      grunt_ministairs_14, tgw_kikubaaqudgha
D:4:      minmay_door_path, lemuel_round_altar, minivault_4,
          minmay_misc_feat_tower, uniq_blork_the_orc
D:5:      kennysheep_mini, first_ration, minmay_fountain_box, water_boxes_lemuel
D:7:      minmay_temple_entry_fiery
D:8:      enter_ossuary_4, uniq_maurice, uniq_pikel
D:9:      grunt_temple_overflow_open, evilmike_ruin_ashenzari, lair_entry_dummy,
          the_bakery
Temple:   nicolae_temple_great_sept
Ossuary:  ossuary_due_mausoleum

Skill      XL: |  1  2  3  4  5  6  7  8  9 |
---------------+----------------------------+-----
Spellcasting   | 3 7 |  7.1
Necromancy     | 5 6 |  6.7
Armour         | 1 2 3 5 |  5.8
Shields        | 2 3 4 |  4.1
Dodging        | 2 3 5 |  5.9
Fighting       | 2 3 4 |  4.2
Stealth        | |  1.5

Action                   |  1- 3 |  4- 6 |  7- 9 || total
-------------------------+-------+-------+-------++-------
Melee: Unarmed           |     4 |       |       ||     4
       Long sword        |    42 |   166 |       ||   208
       Mace              |       |       |   551 ||   551
       Dagger            |       |       |   325 ||   325
 Cast: Pain              |    63 |    49 |     3 ||   115
       Vampiric Draining |       |     3 |    33 ||    36
       Dispel Undead     |       |       |     2 ||     2
Invok: Divine Energy     |       |       |     1 ||     1
       Renounce Religion |       |       |     1 ||     1
Evoke: Wand              |       |     1 |    14 ||    15
  Use: Scroll            |       |     1 |    11 ||    12
Armor: Pearl dragon scal |    83 |   120 |   630 ||   833
       Robe              |       |       |    15 ||    15
Dodge: Dodged            |    52 |    86 |   499 ||   637
Block: Buckler           |       |    29 |   229 ||   258
       Rpst.: Long sword |    11 |    23 |       ||    34

Table legend:
 A = Spawn XP
 B = Non-spawn XP
 C = Spawn XP percentage of total XP
 D = Spawn monster count
 E = Non-spawn monster count
 F = Spawn count percentage of total count
 G = Total turns spent on level
                    A         B        C        D         E        F      G
               +---------+---------+-------+---------+---------+-------+---------
         Total |       0 |    5447 |   0.0 |       0 |     214 |   0.0 | 11612
               +---------+---------+-------+---------+---------+-------+---------
           D:1 |       0 |      77 |   0.0 |       0 |      30 |   0.0 |  1323
           D:2 |       0 |     419 |   0.0 |       0 |      35 |   0.0 |  1982
           D:3 |       0 |      44 |   0.0 |       0 |      17 |   0.0 |   925
           D:4 |       0 |     905 |   0.0 |       0 |      32 |   0.0 |  1669
           D:5 |       0 |     403 |   0.0 |       0 |      15 |   0.0 |   986
           D:6 |       0 |     903 |   0.0 |       0 |      22 |   0.0 |  1072
           D:7 |       0 |    1425 |   0.0 |       0 |      22 |   0.0 |   957
           D:8 |       0 |    1023 |   0.0 |       0 |      14 |   0.0 |  1323
       Ossuary |       0 |     248 |   0.0 |       0 |      27 |   0.0 |   896
               +---------+---------+-------+---------+---------+-------+---------
